 Dungeon Sprint DCSS version 0.27-a0-686-gaed091b46b (webtiles) character file.

Game seed: 9305436984019523014

322 mhtbhm the Blocker (level 6, -1/63 HPs)
             Began as a Gargoyle Fighter on Mar 20, 2021.
             Was a High Priest of Trog.
             Slain by a merfolk
             ... wielding a +0 trident
              (11 damage)
             ... in the Dungeon (Sprint VII: "The Pits").
             The game lasted 00:01:00 (698 turns).

mhtbhm the Blocker (Gargoyle Fighter)                Turns: 698, Time: 00:01:00

Health: -1/63      AC: 18    Str: 21    XL:     6   Next: 47%
Magic:  6/6        EV:  7    Int:  9    God:    Trog [*****.]
Gold:   0          SH: 11    Dex:  9    Spells: 5/5 levels left

rFire    . . .     SeeInvis .   a - +2 hand axe (vorpal)
rCold    . . .     Faith    .   c - +0 kite shield
rNeg     + . .     Spirit   .   b - +3 chain mail
rPois    ∞         Reflect  .   (no helmet)
rElec    +         Harm     .   (no cloak)
rCorr    .         Rampage  .   (no gloves)
Will     .....     NoTele   +   (no boots)
Stlth    ..........             (no amulet)
HPRegen  0.20/turn              (no ring)
MPRegen  0.10/turn              (no ring)

@: berserking, very quick
A: AC +4, negative energy resistance 1, electricity resistance, torment
resistance 1, unbreathing 1, petrification resistance
a: Renounce Religion, Berserk, Trog's Hand, Brothers in Arms


You were in the Dungeon.
You worshipped Trog.
Trog was extremely pleased with you.
You visited 1 branch

Inventory:

Hand Weapons
 a - a +2 vorpal hand axe (weapon)
Armour
 b - a +3 chain mail (worn)
 c - a +0 kite shield (worn)
Scrolls
 j - a scroll of blinking
 l - a scroll of summoning
Potions
 d - a potion of might
 e - 6 potions of curing
 f - 6 potions of heal wounds
 g - a potion of haste
 h - 4 potions of magic
 i - 3 potions of berserk rage
 k - 2 potions of invisibility


   Skills:
 + Level 6.9 Fighting
 + Level 7.0 Axes
 + Level 7.1 Armour
 + Level 2.3 Dodging
 + Level 8.0 Shields


You had 5 spell levels left.
You didn't know any spells.
Your spell library was empty.

Dungeon Overview and Level Annotations

Branches:
Dungeon (1/1)

Altars:
Cheibriados
Dithmenos
Elyvilon
Fedhas
Gozag
Hepliaklqana
Makhleb
Nemelex Xobeh
Okawaru
Qazlal
Ru
Sif Muna
Trog
Vehumet
Wu Jian
Xom
Yredelemnul
Zin
The Shining One
Beogh
Jiyva
Lugonu


Innate Abilities, Weirdness & Mutations

Your stone body is resilient. (AC +4)
You are immune to poison.
You resist negative energy. (rN+)
You are resistant to electric shocks. (rElec)
You are resistant to unholy torment.
You can survive without breathing.
You are immune to petrification.


Message History

You slash the quasit!
The quasit is almost dead.
The quasit bites you but does no damage.
You block the quasit's attack. x2
You closely miss the quasit.
The quasit is almost dead.
You block the quasit's attack. x3
You hit the quasit but do no damage.
The quasit is almost dead.
The quasit completely misses you. You block the quasit's attack.
The quasit barely misses you. You block the quasit's attack.
The quasit claws you but does no damage.
The quasit closely misses you.
You hit the quasit.
You kill the quasit!
Trog accepts your kill.
Your Axes skill increases to level 7!
Your Shields skill increases to level 8!
There is an open door here.
You open the door.
A merfolk comes into view. It is wielding a +0 trident.
The merfolk barely misses you. The merfolk hits you with a +0 trident.
There is an open door here.
You hit the merfolk but do no damage. The merfolk hits you with a +0 trident.
You barely miss the merfolk. You block the merfolk's attack.
You barely miss the merfolk. The merfolk barely misses you.
You closely miss the merfolk. You block the merfolk's attack.
You barely miss the merfolk. The merfolk hits you with a +0 trident!
You barely miss the merfolk. You block the merfolk's attack.
You slash the merfolk!
The merfolk is moderately wounded.
The merfolk hits you with a +0 trident!!
* * * LOW HITPOINT WARNING * * *
The merfolk hits you with a +0 trident.
* * * LOW HITPOINT WARNING * * *
A red film seems to cover your vision as you go berserk!
You feel yourself moving faster!
You feel mighty! The merfolk hits you with a +0 trident!
You die...

#.#....)...##.......#
#.#........##.......#
#'###########.......#
#..#.#.## #########
#..)....# ##.#.#.##
#.))....#+#
##.#.#.##m+
#.......#@#
##.#.#..'.#
##########


You could see a merfolk.

Vanquished Creatures
  2 centaurs (D)
  A quasit (D)
  An orc wizard (D)
  2 worker ants (D)
  3 gnolls (D)
  2 adders (D)
  An adder skeleton (D)
  4 orcs (D)
  A hobgoblin (D)
  A ball python (D)
  A kobold (D)
  A leopard gecko zombie (D)
20 creatures vanquished.

Notes
Turn   | Place    | Note
-------+----------+-------------------------------------------
     0 | D        | mhtbhm the Gargoyle Fighter began the quest for the Orb.
     0 | D        | Reached XP level 1. HP: 14/14 MP: 1/1
    11 | D        | Noticed a worker ant
    26 | D        | Killed a worker ant
    27 | D        | Reached skill level 4 in Shields
    27 | D        | Reached XP level 2. HP: 6/20 MP: 2/2
    27 | D        | Reached XP level 3. HP: 7/24 MP: 3/3
    31 | D        | Found a bloodstained altar of Trog.
    31 | D        | Found a shimmering blue altar of Sif Muna.
    31 | D        | Found a viscous altar of Jiyva.
    31 | D        | Found a hazy altar of Hepliaklqana.
    31 | D        | Found an opulent altar of Gozag.
    32 | D        | Found a glowing golden altar of the Shining One.
    32 | D        | Found a glowing silver altar of Zin.
    32 | D        | Found a shimmering altar of Xom.
    32 | D        | Found an ornate altar of the Wu Jian Council.
    32 | D        | Found a sacrificial altar of Ru.
    32 | D        | Found a stormy altar of Qazlal.
    32 | D        | Found an iron altar of Okawaru.
    32 | D        | Found a sparkling altar of Nemelex Xobeh.
    32 | D        | Found a burning altar of Makhleb.
    32 | D        | Found a blossoming altar of Fedhas.
    32 | D        | Found a white marble altar of Elyvilon.
    32 | D        | Found a shadowy altar of Dithmenos.
    32 | D        | Found a snail-covered altar of Cheibriados.
    34 | D        | Found a radiant altar of Vehumet.
    34 | D        | Found a corrupted altar of Lugonu.
    36 | D        | Became a worshipper of Trog the Wrathful
   279 | D        | Reached skill level 5 in Fighting
   279 | D        | Reached skill level 5 in Shields
   314 | D        | Reached * piety under Trog
   315 | D        | Reached skill level 5 in Armour
   315 | D        | Reached XP level 4. HP: 28/31 MP: 4/4
   354 | D        | Reached ** piety under Trog
   367 | D        | Reached *** piety under Trog
   368 | D        | Reached skill level 1 in Dodging
   368 | D        | Reached skill level 6 in Shields
   373 | D        | Reached XP level 5. HP: 18/36 MP: 5/5
   604 | D        | Noticed a centaur
   605 | D        | Noticed a centaur
   609 | D        | Reached **** piety under Trog
   610 | D        | Killed a centaur
   611 | D        | Reached skill level 5 in Axes
   611 | D        | Reached skill level 7 in Shields
   612 | D        | Killed a centaur
   613 | D        | Reached XP level 6. HP: 42/42 MP: 6/6
   614 | D        | Reached ***** piety under Trog
   687 | D        | Reached skill level 8 in Shields
   689 | D        | Noticed a merfolk
   698 | D        | Slain by a merfolk

Illustrated notes

Levels and vault maps discovered:
D:        pitsprint [storerooms_1, entrance_room_1, metal_vault_3, armoury_2,
          mini_pit_1, grid_room_1, main_hall_1, silver_pit, the_coven_2,
          the_vestibule_1, steel_vault_3, golden_pit, hallway_of_sentries,
          crystal_vault_1, iron_vault_2, final_vault]

Skill      XL: |  1  2  3  4  5  6 |
---------------+-------------------+-----
Fighting       | 4 5 6 |  6.9
Axes           | 2 4 6 7 |  7.0
Armour         | 4 5 6 7 |  7.1
Shields        | 4 5 6 7 8 |  8.0
Dodging        | 1 2 |  2.3

Action                   |  1- 3 |  4- 6 || total
-------------------------+-------+-------++-------
Melee: War axe           |    14 |       ||    14
       Hand axe          |    16 |    53 ||    69
Invok: Berserk           |       |     3 ||     3
Armor: Scale mail        |    19 |    16 ||    35
       Chain mail        |       |    14 ||    14
Dodge: Dodged            |     6 |    21 ||    27
Block: Kite shield       |    18 |    44 ||    62

Table legend: (Time is in decaauts)
 A = Elapsed time spent in this place.
 B = Non-inter-level travel time spent in this place.
 C = Inter-level travel time spent in this place.
 D = Time resting spent in this place.
 E = Time spent auto-exploring this place.
 F = Levels seen in this place.
 G = Mean time per level.
                   A        B        C        D        E       F      G
               +--------+--------+--------+--------+--------+-----+--------+
         Total |    746 |    746 |      0 |    302 |    186 |   1 |  746.0 |
       Dungeon |    746 |    746 |      0 |    302 |    186 |   1 |  746.0 |
               +--------+--------+--------+--------+--------+-----+--------+

Top non-repeatable levels by time:
       D: 746 daAuts
